| TOP OF THE 1ST |
|
Chicago Cubs batting - Pitching for Cleveland Guardians : RHP Bruce Poff
|
|
Pitching: RHP Bruce Poff
|
|
|
Batting: SHB Moe Lester
|
0-0: Swinging Strike 0-1: Ball 1-1: Swinging Strike 1-2: Ball 2-2: Ground out 6-3 (Groundball, 6, EV 87.5 MPH)
|
|
Batting: RHB Yasuhide Kasahara
|
0-0: Called Strike 0-1: Ball 1-1: Called Strike 1-2: Ball 2-2: Ball 3-2: DOUBLE (Line Drive, 7LS, EV 92.5 MPH)
|
|
Batting: RHB Efrain Vargas
|
0-0: Ball 1-0: Ball 2-0: Foul Ball, location: 2F 2-1: Foul Ball, location: 2F 2-2: Foul Ball, location: 2F 2-2: Ball 3-2: Strikes out swinging
|
|
Batting: RHB Jose Balderrama
|
0-0: SINGLE (Groundball, 56D, EV 102.5 MPH) Yasuhide Kasahara to third Runner from 3rd tries for Home, SAFE, throw by LF to home Jose Balderrama to second
|
|
Batting: LHB Kevin Norton
|
0-0: Ball 1-0: Called Strike 1-1: Foul Ball, location: 2F 1-2: Ball 2-2: Foul Ball, location: 2F 2-2: Strikes out swinging
|
| Top of the 1st over - 1 run, 2 hits, 0 errors, 1 left on base; Chicago 1 - Cleveland 0 |
| BOTTOM OF THE 1ST |
|
Cleveland Guardians batting - Pitching for Chicago Cubs : RHP Edwin Rivera
|
|
Pitching: RHP Edwin Rivera
|
|
|
Batting: RHB Rick O'Reilly
|
0-0: Ball 1-0: Foul Ball, location: 2F 1-1: Foul Ball, location: 2F 1-2: Foul Ball, location: 2F 1-2: Foul Ball, location: 2F 1-2: Ball 2-2: Ball 3-2: SINGLE (Flyball, 3D, EV 85.6 MPH)
|
|
Batting: RHB Christian Blue
|
0-0: Called Strike Rick O'Reilly is caught stealing 2nd base 2-4 0-1: Swinging Strike 0-2: Foul Ball, location: 2F 0-2: Ball 1-2: Strikes out swinging
|
|
Batting: RHB Nick Ogle
|
0-0: Ball 1-0: Swinging Strike 1-1: Swinging Strike 1-2: Strikes out looking
|
| Bottom of the 1st over - 0 runs, 1 hit, 0 errors, 0 left on base; Chicago 1 - Cleveland 0 |
| TOP OF THE 2ND |
|
Chicago Cubs batting - Pitching for Cleveland Guardians : RHP Bruce Poff
|
|
Batting: RHB Alan Oxenrider
|
0-0: Called Strike 0-1: SOLO HOME RUN (Flyball, 7LD, EV 98.1 MPH), Distance : 353 ft
|
|
Batting: RHB Steve Bartman Jr.
|
0-0: Ball 1-0: Ball 2-0: Called Strike 2-1: DOUBLE (Line Drive, 3D, EV 95.0 MPH)
|
|
Batting: LHB Andy Arbuckle
|
0-0: Ball 1-0: Ball 2-0: Called Strike 2-1: Ground out 6-3 (Groundball, 6, EV 79.4 MPH) Steve Bartman Jr. to third
|
|
Batting: SHB Tim Hone
|
0-0: Called Strike 0-1: Ball 1-1: Ball 2-1: Ball 3-1: Ground out 4-3 (Groundball, 4M, EV 88.1 MPH) Steve Bartman Jr. scores
|
|
Batting: SHB Moe Lester
|
0-0: Called Strike 0-1: Ball 1-1: Swinging Strike 1-2: Strikes out swinging
|
| Top of the 2nd over - 2 runs, 2 hits, 0 errors, 0 left on base; Chicago 3 - Cleveland 0 |
| BOTTOM OF THE 2ND |
|
Cleveland Guardians batting - Pitching for Chicago Cubs : RHP Edwin Rivera
|
|
Batting: RHB Jasper Burd
|
0-0: Ball 1-0: Ball 2-0: Ball 3-0: Base on Balls
|
|
Batting: RHB Nick Sharp
|
0-0: Ball 1-0: Called Strike 1-1: Ball 2-1: Foul Ball, location: 2F 2-2: Foul Ball, location: 2F 2-2: SINGLE (Line Drive, 34D, EV 98.1 MPH) Jasper Burd to second Jasper Burd to third
|
|
Batting: SHB Pete Barutha
|
0-0: Foul Ball, location: 2F 0-1: Swinging Strike 0-2: Ball 1-2: Ball 2-2: Fly out, F7 (Flyball, 78D, EV 101.9 MPH) Runner from 3rd tags up, SCORES, throw by LF
|
|
Batting: LHB John Harring
|
0-0: Ball 1-0: DOUBLE (Line Drive, 7LD, EV 108.1 MPH) Nick Sharp to third
|
|
Batting: RHB Solange Le Coq
|
0-0: Ball 1-0: Called Strike 1-1: Swinging Strike 1-2: Ball 2-2: Foul Ball, location: 2F 2-2: Ground out 6-3 (Groundball, 6, EV 93.1 MPH) Nick Sharp scores John Harring to third
|
|
Batting: RHB Aaron Matthews
|
0-0: SINGLE (Line Drive, 3L, EV 100.6 MPH) John Harring scores
|
|
Batting: RHB Rick O'Reilly
|
0-0: Swinging Strike 0-1: Ball 1-1: Called Strike 1-2: Foul Ball, location: 2F Pickoff Throw to First - Error! E1 Aaron Matthews to second 1-2: Strikes out looking
|
| Bottom of the 2nd over - 3 runs, 3 hits, 1 error, 1 left on base; Chicago 3 - Cleveland 3 |
| TOP OF THE 3RD |
|
Chicago Cubs batting - Pitching for Cleveland Guardians : RHP Bruce Poff
|
|
Batting: RHB Yasuhide Kasahara
|
0-0: Called Strike 0-1: Called Strike 0-2: Ball 1-2: Ground out 5-3 (Groundball, 5, EV 100.6 MPH)
|
|
Batting: RHB Efrain Vargas
|
0-0: Ball 1-0: Fly out, F9 (Flyball, 9, EV 81.9 MPH)
|
|
Batting: RHB Jose Balderrama
|
0-0: Ball 1-0: Ball 2-0: SINGLE (Groundball, 4D, EV 109.4 MPH)
|
|
Batting: LHB Kevin Norton
|
0-0: Called Strike Jose Balderrama is caught stealing 2nd base 2-6
|
| Top of the 3rd over - 0 runs, 1 hit, 0 errors, 0 left on base; Chicago 3 - Cleveland 3 |
| BOTTOM OF THE 3RD |
|
Cleveland Guardians batting - Pitching for Chicago Cubs : RHP Edwin Rivera
|
|
Batting: RHB Christian Blue
|
0-0: Ball 1-0: SINGLE (Flyball, 6D, EV 81.9 MPH)
|
|
Batting: RHB Nick Ogle
|
0-0: Ball 1-0: Ball 2-0: Swinging Strike 2-1: Grounds into double play, 5-4-3 (Groundball, 5, EV 86.9 MPH)
|
|
Batting: RHB Jasper Burd
|
0-0: Foul Ball, location: 2F 0-1: Fly out, F9 (Line Drive, 89D, EV 97.5 MPH)
|
| Bottom of the 3rd over - 0 runs, 1 hit, 0 errors, 0 left on base; Chicago 3 - Cleveland 3 |
| TOP OF THE 4TH |
|
Chicago Cubs batting - Pitching for Cleveland Guardians : RHP Bruce Poff
|
|
Batting: LHB Kevin Norton
|
0-0: Ball 1-0: Called Strike 1-1: Called Strike 1-2: Strikes out swinging
|
|
Batting: RHB Alan Oxenrider
|
0-0: Foul Ball, location: 2F 0-1: Ball 1-1: Called Strike 1-2: Foul Ball, location: 2F 1-2: Ball 2-2: Strikes out swinging
|
|
Batting: RHB Steve Bartman Jr.
|
0-0: Called Strike 0-1: Called Strike 0-2: Ground out 5-3 (Groundball, 56S, EV 85.6 MPH)
|
| Top of the 4th over - 0 runs, 0 hits, 0 errors, 0 left on base; Chicago 3 - Cleveland 3 |
| BOTTOM OF THE 4TH |
|
Cleveland Guardians batting - Pitching for Chicago Cubs : RHP Edwin Rivera
|
|
Batting: RHB Nick Sharp
|
0-0: Called Strike 0-1: Ball 1-1: Fly out, F8 (Flyball, 8LM, EV 97.5 MPH)
|
|
Batting: SHB Pete Barutha
|
0-0: Ball 1-0: Called Strike 1-1: Ball 2-1: Ball 3-1: Fly out, F9 (Flyball, 9LS, EV 88.8 MPH)
|
|
Batting: LHB John Harring
|
0-0: Called Strike 0-1: SOLO HOME RUN (Flyball, 89XD, EV 101.9 MPH), Distance : 387 ft
|
|
Batting: RHB Solange Le Coq
|
0-0: Fly out, F9 (Flyball, 9LD, EV 86.9 MPH)
|
| Bottom of the 4th over - 1 run, 1 hit, 0 errors, 0 left on base; Chicago 3 - Cleveland 4 |
| TOP OF THE 5TH |
|
Chicago Cubs batting - Pitching for Cleveland Guardians : RHP Bruce Poff
|
|
Batting: LHB Andy Arbuckle
|
0-0: Called Strike 0-1: Called Strike 0-2: Ball 1-2: Ball 2-2: Strikes out swinging, 2-3 out at first.
|
|
Batting: SHB Tim Hone
|
0-0: Called Strike 0-1: Swinging Strike 0-2: Ball 1-2: Fly out, F9 (Flyball, 9, EV 86.9 MPH)
|
|
Batting: SHB Moe Lester
|
0-0: Ball 1-0: Swinging Strike 1-1: Foul Ball, location: 2F 1-2: Ball 2-2: Ground out 4-3 (Groundball, 4, EV 90.0 MPH)
|
| Top of the 5th over - 0 runs, 0 hits, 0 errors, 0 left on base; Chicago 3 - Cleveland 4 |
| BOTTOM OF THE 5TH |
|
Cleveland Guardians batting - Pitching for Chicago Cubs : RHP Edwin Rivera
|
|
Batting: RHB Aaron Matthews
|
0-0: Called Strike 0-1: Ball 1-1: Foul Ball, location: 2F 1-2: Fly out, F8 (Flyball, 89M, EV 91.2 MPH)
|
|
Batting: RHB Rick O'Reilly
|
0-0: Ball 1-0: Ball 2-0: Called Strike 2-1: Foul Ball, location: 2F 2-2: Strikes out swinging
|
|
Batting: RHB Christian Blue
|
0-0: Ball 1-0: Called Strike 1-1: Called Strike 1-2: SINGLE (Line Drive, 9S, EV 98.1 MPH)
|
|
Batting: RHB Nick Ogle
|
0-0: Called Strike 0-1: Ball 1-1: Swinging Strike 1-2: Strikes out swinging
|
| Bottom of the 5th over - 0 runs, 1 hit, 0 errors, 1 left on base; Chicago 3 - Cleveland 4 |
| TOP OF THE 6TH |
|
Chicago Cubs batting - Pitching for Cleveland Guardians : RHP Bruce Poff
|
|
Batting: RHB Yasuhide Kasahara
|
0-0: SINGLE (Line Drive, 56D, EV 98.1 MPH)
|
|
Batting: RHB Efrain Vargas
|
0-0: Called Strike 0-1: Ball Wild Pitch! Yasuhide Kasahara to second 1-1: 2-RUN HOME RUN (Flyball, 7LD, EV 90.6 MPH), Distance : 349 ft
|
|
Pitching: RHP Matt Zambon
|
|
|
Batting: RHB Jose Balderrama
|
0-0: Called Strike 0-1: SINGLE (Groundball, 56D, EV 103.1 MPH)
|
|
Batting: LHB Kevin Norton
|
0-0: Called Strike 0-1: Ball 1-1: Grounds into double play, 5-4-3 (Groundball, 56, EV 89.4 MPH)
|
|
Batting: RHB Alan Oxenrider
|
0-0: SINGLE (Groundball, 34D, EV 110.0 MPH)
|
|
Batting: RHB Steve Bartman Jr.
|
0-0: Foul Ball, location: 2F 0-1: Fielders Choice at 2nd, 6-4 (Groundball, 6, EV 88.8 MPH)
|
| Top of the 6th over - 2 runs, 4 hits, 0 errors, 1 left on base; Chicago 5 - Cleveland 4 |
| BOTTOM OF THE 6TH |
|
Cleveland Guardians batting - Pitching for Chicago Cubs : RHP Edwin Rivera
|
|
Batting: RHB Jasper Burd
|
0-0: Called Strike 0-1: Ground out 4-3 (Groundball, 4, EV 101.2 MPH)
|
|
Batting: RHB Nick Sharp
|
0-0: Ball 1-0: Ball 2-0: Called Strike 2-1: SINGLE (Line Drive, 4M, EV 100.6 MPH)
|
|
Batting: SHB Pete Barutha
|
0-0: Called Strike 0-1: Reached on error, E3 (Groundball, 34, EV 103.8 MPH) Nick Sharp to second
|
|
Batting: LHB John Harring
|
0-0: Called Strike 0-1: Foul Ball, location: 2F 0-2: Ball 1-2: Fly out, F7 (Line Drive, 7, EV 108.8 MPH)
|
|
Batting: RHB Solange Le Coq
|
0-0: Called Strike 0-1: Swinging Strike 0-2: Ball 1-2: Strikes out looking
|
| Bottom of the 6th over - 0 runs, 1 hit, 1 error, 2 left on base; Chicago 5 - Cleveland 4 |
| TOP OF THE 7TH |
|
Chicago Cubs batting - Pitching for Cleveland Guardians : RHP Matt Zambon
|
|
Batting: LHB Andy Arbuckle
|
0-0: Ball 1-0: Ball 2-0: DOUBLE (Line Drive, 78D, EV 111.2 MPH)
|
|
Batting: SHB Tim Hone
|
0-0: SINGLE (Line Drive, 5D, EV 97.5 MPH) Andy Arbuckle to third
|
|
Batting: SHB Moe Lester
|
0-0: Ball 1-0: SINGLE (Line Drive, 89M, EV 91.9 MPH) Andy Arbuckle scores Tim Hone to second Runner from 2nd tries for 3rd, SAFE, throw by CF made to third
|
|
Batting: RHB Yasuhide Kasahara
|
0-0: Swinging Strike 0-1: Ball 1-1: Ball Moe Lester steals 2nd base 2-1: Ball 3-1: Foul Ball, location: 2F 3-2: Base on Balls
|
|
Batting: RHB Efrain Vargas
|
0-0: Called Strike 0-1: Ball 1-1: SINGLE (Groundball, 34, EV 108.1 MPH) Tim Hone scores Moe Lester to third Yasuhide Kasahara to second Runner from 3rd tries for Home, SAFE, throw by RF to home
|
|
Pitching: RHP Adrian Serratos
|
|
|
Batting: RHB Jose Balderrama
|
0-0: Ball 1-0: Ball 2-0: Swinging Strike 2-1: Foul Ball, location: 2F 2-2: Ball 3-2: Strikes out swinging
|
|
Batting: LHB Kevin Norton
|
0-0: SINGLE (Line Drive, 8LS, EV 111.9 MPH) Yasuhide Kasahara to third Efrain Vargas to second Runner from 3rd tries for Home, SAFE, throw by CF to trailing runner, OUT at third! 8-3-5
|
|
Batting: RHB Alan Oxenrider
|
0-0: Ball Kevin Norton steals 2nd base 1-0: Called Strike 1-1: Fly out, F7 (Flyball, 78M, EV 83.1 MPH)
|
| Top of the 7th over - 4 runs, 5 hits, 0 errors, 1 left on base; Chicago 9 - Cleveland 4 |
| BOTTOM OF THE 7TH |
|
Cleveland Guardians batting - Pitching for Chicago Cubs : RHP Edwin Rivera
|
|
Batting: RHB Aaron Matthews
|
0-0: Ball 1-0: Swinging Strike 1-1: Swinging Strike 1-2: Strikes out swinging
|
|
Batting: RHB Rick O'Reilly
|
0-0: Called Strike 0-1: Foul Ball, location: 2F 0-2: Ball 1-2: Ball 2-2: Strikes out swinging
|
|
Batting: RHB Christian Blue
|
0-0: Called Strike 0-1: Ball 1-1: Called Strike 1-2: Strikes out swinging
|
| Bottom of the 7th over - 0 runs, 0 hits, 0 errors, 0 left on base; Chicago 9 - Cleveland 4 |
| TOP OF THE 8TH |
|
Chicago Cubs batting - Pitching for Cleveland Guardians : RHP Adrian Serratos
|
|
Batting: RHB Steve Bartman Jr.
|
0-0: Ball 1-0: Called Strike 1-1: Foul Ball, location: 2F 1-2: Strikes out looking
|
|
Batting: LHB Andy Arbuckle
|
0-0: Ball 1-0: Ball 2-0: Ball 3-0: Ground out U3 (Groundball, 3, EV 85.6 MPH)
|
|
Batting: SHB Tim Hone
|
0-0: Foul Ball, location: 2F 0-1: Called Strike 0-2: Ball 1-2: Foul Ball, location: 2F 1-2: Strikes out swinging, 2-3 out at first.
|
| Top of the 8th over - 0 runs, 0 hits, 0 errors, 0 left on base; Chicago 9 - Cleveland 4 |
| BOTTOM OF THE 8TH |
|
Cleveland Guardians batting - Pitching for Chicago Cubs : RHP Edwin Rivera
|
|
Pitching: RHP Steve DiDomenico
|
|
|
Batting: RHB Nick Ogle
|
0-0: Called Strike 0-1: Ball 1-1: Called Strike 1-2: Strikes out swinging
|
|
Batting: RHB Jasper Burd
|
0-0: Called Strike 0-1: SINGLE (Groundball, 5S, EV 77.5 MPH) (infield hit)
|
|
Batting: RHB Nick Sharp
|
0-0: Called Strike 0-1: Ball 1-1: Grounds into double play, 6-4-3 (Groundball, 6, EV 83.8 MPH)
|
| Bottom of the 8th over - 0 runs, 1 hit, 0 errors, 0 left on base; Chicago 9 - Cleveland 4 |
| TOP OF THE 9TH |
|
Chicago Cubs batting - Pitching for Cleveland Guardians : RHP Adrian Serratos
|
|
Batting: SHB Moe Lester
|
0-0: Ball 1-0: Foul Ball, location: 2F 1-1: Ball 2-1: Ball 3-1: Base on Balls
|
|
Batting: RHB Yasuhide Kasahara
|
Pickoff Throw to First - Error! E1 Moe Lester to second 0-0: Called Strike 0-1: Ball 1-1: Swinging Strike 1-2: Strikes out swinging
|
|
Batting: RHB Efrain Vargas
|
0-0: Foul Ball, location: 2F 0-1: Ball 1-1: Foul Ball, location: 2F 1-2: Ball 2-2: Ball 3-2: Base on Balls
|
|
Batting: RHB Jose Balderrama
|
0-0: Swinging Strike 0-1: Ball 1-1: Foul Ball, location: 2F 1-2: SINGLE (Groundball, 56D, EV 105.0 MPH) Moe Lester to third Efrain Vargas to second Runner from 3rd tries for Home, SAFE, throw by LF to home
|
|
Pitching: LHP Katsumi Omura
|
|
|
Batting: LHB Kevin Norton
|
0-0: Called Strike 0-1: Swinging Strike 0-2: Strikes out swinging
|
|
Batting: RHB Alan Oxenrider
|
0-0: Ball 1-0: Swinging Strike 1-1: SINGLE (Flyball, 89S, EV 92.5 MPH) Efrain Vargas to third Jose Balderrama to second Runner from 3rd tries for Home, SAFE, throw by RF to home
|
|
Batting: RHB Steve Bartman Jr.
|
0-0: Swinging Strike 0-1: Foul Ball, location: 2F 0-2: Ball 1-2: Foul Ball, location: 2F 1-2: Strikes out swinging
|
| Top of the 9th over - 2 runs, 2 hits, 1 error, 2 left on base; Chicago 11 - Cleveland 4 |
| BOTTOM OF THE 9TH |
|
Cleveland Guardians batting - Pitching for Chicago Cubs : RHP Steve DiDomenico
|
|
Batting: SHB Pete Barutha
|
0-0: Called Strike 0-1: Ball 1-1: Called Strike 1-2: Strikes out looking
|
|
Batting: LHB John Harring
|
0-0: Called Strike 0-1: DOUBLE (Groundball, 3L, EV 96.9 MPH)
|
|
Batting: RHB Solange Le Coq
|
0-0: Ground out 3-1 (Groundball, 3D, EV 100.6 MPH) John Harring to third
|
|
Pinch Hitting: LHB Arvin Dungca
|
0-0: Called Strike 0-1: Swinging Strike 0-2: Ball 1-2: Strikes out swinging
|
| Bottom of the 9th over - 0 runs, 1 hit, 0 errors, 1 left on base; Chicago 11 - Cleveland 4 |
|